 Dungeon Crawl Stone Soup version 0.23.2-1-ga50397a6bc (webtiles) character file.

Game seed: 16366319162694138525

397 Banto the Poker (level 6, 0/52 HPs)
             Began as a Demigod Wanderer on May 10, 2019.
             Slain by Grinder (4 damage)
             ... on level 5 of the Dungeon.
             The game lasted 00:08:34 (4410 turns).

Banto the Poker (Demigod Wanderer)                  Turns: 4410, Time: 00:08:34

Health: 0/52       AC: 10    Str: 16    XL:     6   Next: 27%
Magic:  9/9        EV: 14    Int: 16    God:
Gold:   223        SH:  0    Dex: 18    Spells: 5/5 levels left

rFire    . . .     SeeInvis .   p - -2 hand axe (curse)
rCold    . . .     Gourm    .   (no shield)
rNeg     . . .     Faith    .   g - +3 leather armour
rPois    .         Spirit   .   k - +2 helmet
rElec    .         Reflect  .   (no cloak)
rCorr    +         Harm     .   (no gloves)
MR       +....                  (no boots)
Stlth    +.........             (no amulet)
HPRegen  0.17/turn              r - ring of resist corrosion
MPRegen  0.11/turn              t - ring of protection from magic

@: no status effects
A: blurry vision 1, high mp 1, shaggy fur 1
a: no special abilities


You were on level 5 of the Dungeon.
You were not hungry.

You visited 1 branch of the dungeon, and saw 5 of its levels.

You collected 223 gold pieces.

Inventory:

Hand Weapons
 a - a +2 spear
 d - a +0 blowgun
 p - a cursed -2 hand axe (weapon)
 q - a +0 hand axe of electrocution
 w - the +1 war axe "Mostrew" {drain, rN+ MR+ Dex+2, unknown}
   (You found it on level 4 of the Dungeon)

   A truly terrible weapon, it drains the life of those it strikes.
   It affects your dexterity (+2).
   It protects you from negative energy.
   It affects your resistance to hostile enchantments.
Missiles
 c - 39 poisoned needles
Armour
 g - a +3 leather armour (worn)
 k - a +2 helmet (worn)
Jewellery
 r - a ring of resist corrosion (left hand)
 s - an uncursed ring of protection from fire
 t - a ring of protection from magic (right hand)
Wands
 u - a wand of clouds (1)
 v - a wand of paralysis (7)
Scrolls
 b - 5 scrolls of teleportation
 i - a scroll of identify
 l - a scroll of enchant armour
Potions
 e - 5 potions of curing
 h - a potion of lignification
 j - 3 potions of agility
 n - a potion of brilliance
 x - 3 potions of mutation
Comestibles
 f - 3 rations
 m - 2 chunks of flesh


   Skills:
 + Level 3.9 Fighting
   Level 1.7 Short Blades
 + Level 3.9 Polearms
 - Level 1.0 Throwing
 + Level 3.9 Dodging
 - Level 1.0 Evocations


You had 5 spell levels left.
You didn't know any spells.
Your spell library was empty.

Dungeon Overview and Level Annotations

Branches:
Dungeon (5/15)
 Temple: D:4-7

Annotations:
D:3 Edmund
D:4 1 runed translucent door, Blork the orc
D:5 Grinder


Innate Abilities, Weirdness & Mutations

You have an increased reservoir of magic. (+10% MP)
Scrolls take you a little longer to read.
You are covered in fur. (AC +1)


Message History

You feel less wooden.
Your +2 helmet unmelds from your body.
Your +3 leather armour unmelds from your body.
Grinder says, "At least Makhleb appreciates what I'm doing."
Grinder misses you.
You closely miss Grinder.
Grinder is severely wounded.
Grinder misses you.
Evoke which item? (* to show all) (? for menu, Esc to quit)
Aiming: Cloud Cone
Press: ? - help, Dir - move target cursor, p - Grinder You create a blast of poison gas!
Grinder gestures at you. You resist with some effort.
Unknown command.
Unknown command.
You hit Grinder but do no damage.
Grinder is severely wounded.
Grinder hits you.
You die...

#...§§§§§....#.#######
##########...#.#
#.....# #...### ##.##
#)# #.# ####÷#####
#.....@5§# #.##.###§#
# #.[ .. .... ##
.....# .......
##.....## ......#


You could see Grinder.

Vanquished Creatures
  Eustachio (D:5)
  A hound (D:4)
  An orc wizard (D:4)
  A bullfrog skeleton (D:5)
  Jessica (D:3)
  A worker ant (D:5)
  7 adders
  An ooze (D:5)
  2 adder skeletons
  6 orcs
  3 giant cockroaches (D:1)
  4 goblins
  5 hobgoblins
  2 quokkas
  2 ball pythons
  7 bats
  A frilled lizard (D:3)
  A jackal skeleton (D:4)
  10 kobolds
  7 rats
  A spectral orc (D:2)
65 creatures vanquished.

Notes
Turn   | Place    | Note
-------+----------+-------------------------------------------
     0 | D:1      | Banto the Demigod Wanderer began the quest for the Orb.
     0 | D:1      | Banto set off with the following items: a +2 spear, a
                  | scroll of teleportation, 13 poisoned needles, a +0 blowgun,
                  | a +0 robe, a ration
     0 | D:1      | Reached XP level 1. HP: 17/17 MP: 3/3
    10 | D:1      | You fall through a shaft!
   205 | D:2      | Reached XP level 2. HP: 13/24 MP: 5/5
   964 | D:1      | Reached XP level 3. HP: 5/30 MP: 6/6
   966 | D:1      | HP: 1/30 [poisoned by an adder]
  1641 | D:2      | Found a basalt altar of Yredelemnul.
  1729 | D:3      | Found a hazy altar of Hepliaklqana.
  2148 | D:3      | Noticed Jessica
  2155 | D:3      | Killed Jessica
  2155 | D:3      | Reached XP level 4. HP: 37/37 MP: 7/7
  2388 | D:4      | Noticed Blork the orc
  2499 | D:4      | Noticed Edmund
  2518 | D:4      | Found a glowing golden altar of the Shining One.
  2518 | D:4      | Found a runed translucent door.
  2518 | D:4      | Noticed an angel
  2929 | D:4      | Got a dazzling war axe
  3212 | D:4      | Reached XP level 5. HP: 11/45 MP: 8/8
  3466 | D:4      | Found a shattered altar of Ashenzari.
  3506 | D:4      | Found a deep blue altar of Sif Muna.
  3892 | D:5      | Entered Level 5 of the Dungeon
  3897 | D:5      | Noticed Grinder
  3923 | D:5      | Paralysed by Grinder for 3 turns
  4082 | D:5      | Gained mutation: Scrolls take you a little longer to read.
                  | [potion of mutation]
  4082 | D:5      | Gained mutation: You are covered in fur. (AC +1) [potion of
                  | mutation]
  4132 | D:5      | Found a sparkling altar of Nemelex Xobeh.
  4141 | D:5      | Found a snail-covered altar of Cheibriados.
  4315 | D:5      | Paralysed by Grinder for 3 turns
  4315 | D:5      | Noticed Eustachio
  4329 | D:5      | Killed Eustachio
  4329 | D:5      | Reached XP level 6. HP: 26/52 MP: 9/9
  4358 | D:5      | Paralysed by Grinder for 7 turns
  4385 | D:5      | HP: 3/78 [Grinder (2)]
  4396 | D:5      | HP: 3/78 [Grinder (3)]
  4410 | D:5      | Slain by Grinder

Skill      XL: |  1  2  3  4 |
---------------+-------------+-----
Fighting       | 2 3 |  3.9
Polearms       | 2 3 |  3.9
Dodging        | 2 3 |  3.9
Short Blades   | |  1.7
Throwing       | |  1.0
Evocations     | |  1.0

Action                   |  1- 3 |  4- 6 || total
-------------------------+-------+-------++-------
Melee: Spear             |   115 |       ||   115
       Hand axe          |    61 |   237 ||   298
       Unarmed           |       |     4 ||     4
Evoke: Wand              |       |     4 ||     4
  Use: Scroll            |     7 |     7 ||    14
       Potion            |     4 |     3 ||     7
 Stab: Sleeping          |     1 |     1 ||     2
  Eat: Chunk             |     4 |     4 ||     8
       Ration            |       |     1 ||     1
Armor: Leather armour    |    57 |    85 ||   142
       Skin              |       |    35 ||    35
Dodge: Dodged            |   125 |   172 ||   297
